 Dungeon Crawl Stone Soup version 0.20.1-1-g8b1a95d (webtiles) character file.

39 Ansu the Conjurer (level 3, 0/27 HPs)
             Began as a Draconian Conjurer on Sept 5, 2017.
             Succumbed to an adder's poison
             ... on level 2 of the Dungeon.
             The game lasted 00:10:52 (1685 turns).

Ansu the Conjurer (Draconian Conjurer)              Turns: 1685, Time: 00:10:53

Health: 0/27       AC:  5    Str: 10    XL:     3   Next: 26%
Magic:  5/6        EV: 12    Int: 16    God:
Gold:   64         SH:  0    Dex: 11    Spells: 5/6 levels left

rFire    . . .     SeeInvis .   k - +1 whip (elec)
rCold    . . .     Gourm    .   (no shield)
rNeg     . . .     Faith    .   (armour unavailable)
rPois    .         Spirit   .   (helmet restricted)
rElec    .         Reflect  .   (no cloak)
rCorr    .         Harm     .   (no gloves)
MR       .....                  (no boots)
Stlth    ++........             (no amulet)
Regen    0.1/turn               (no ring)
MPRegen  0.1/turn               (no ring)

@: lethally poisoned (0 -> -7)
A: unfitting armour, cold-blooded, AC +5
a: no special abilities


You were on level 2 of the Dungeon.
You were hungry.

You visited 1 branch of the dungeon, and saw 2 of its levels.

You collected 64 gold pieces.

Inventory:

Hand Weapons
 c - a +0 hand axe
 k - a +1 whip of electrocution (weapon)
Armour
 d - a +0 robe
Scrolls
 f - 2 scrolls of random uselessness {unknown}
 g - 2 scrolls of recharging
 m - a scroll of blinking
Potions
 i - a potion of curing {unknown}
 j - a potion of flight {unknown}
Books
 a - a book of Conjurations

   Spells                             Type                      Level
   a - Magic Dart                     Conjuration                  1
   b - Searing Ray                    Conjuration                  2
   c - Dazzling Spray                 Conjuration/Hexes            3
   d - Fulminant Prism                Conjuration/Hexes            4
   e - Force Lance                    Conjuration/Translocation    4
   f - Iskenderun's Mystic Blast      Conjuration                  4
Comestibles
 b - a bread ration
 h - 3 fruits


   Skills:
 + Level 0.4 Fighting
 + Level 0.8 Axes
 + Level 2.2 Dodging
 + Level 1.9 Stealth
 + Level 2.1 Spellcasting
 + Level 4.5 Conjurations


You had 5 spell levels left.
You knew the following spells:

 Your Spells              Type           Power        Failure   Level  Hunger
a - Magic Dart            Conj           ###.         3%          1    #......


Dungeon Overview and Level Annotations

Branches:
Dungeon (2/15)

Altars:
Xom


Innate Abilities, Weirdness & Mutations

Your plain brown scales are hard. (AC +5)
You cannot fit into any form of body armour.
You are cold-blooded and may be slowed by cold attacks.


Message History

[Y]es or [N]o only, please.
Are you sure you want to cancel this blink? [Y]es or [N]o only, please.
Are you sure you want to cancel this blink?
Blink to where?
Press: ? - help, Dir - move target cursor, f - you Are you sure you want to cancel this blink?
Blink to where?
Press: ? - help, Dir - move target cursor, f - you Are you sure you want to cancel this blink?
Blink to where?
Press: ? - help, Dir - move target cursor, f - you Are you sure you want to cancel this blink?
Blink to where?
Press: ? - help, Dir - move target cursor, f - you Are you sure you want to cancel this blink?
Okay, then.
As you read the scroll labeled PAMOICZ UDURHAL, it crumbles to dust.
It was a scroll of blinking.
You die...

##.....## ##.).(...#### .
#............ ..
###........###. ..≈
#..........## ≈≈≈≈
####.##........###.# #...
..≈...<...##.....÷...##.# #...#
..≈...###....g.....#.##.##....
.............S@....#..#.#....
#..........#.......##.#....###
.......#..##.......##.#......#.
..#.....#..#.########.#........
. #...#..#...# ##....[...#
###.##.#..### #.........# ..
#.......#####.......<.# ..#
#..#...........##.....##
#..##.....## ......#


You could see an adder and a goblin.

Vanquished Creatures
  An adder (D:2)
  A leopard gecko (D:1)
  A giant cockroach (D:1)
  6 goblins
  4 hobgoblins
  3 jackals (D:1)
  2 kobolds (D:1)
  5 bats
  A frilled lizard (D:1)
  A rat (D:1)
25 creatures vanquished.

Notes
Turn   | Place    | Note
-------+----------+-------------------------------------------
     0 | D:1      | Ansu the Draconian Conjurer began the quest for the Orb.
     0 | D:1      | Reached XP level 1. HP: 14/14 MP: 3/3
   371 | D:1      | Reached XP level 2. HP: 15/20 MP: 0/5
   421 | D:1      | HP: 1/20 [hobgoblin/club (3)]
  1351 | D:2      | Found a shimmering altar of Xom.
  1386 | D:2      | Reached XP level 3. HP: 27/27 MP: 4/6
  1682 | D:2      | HP: 1/27 [adder (4)]
  1685 | D:2      | Succumbed to an adder's poison

Skill      XL: |  1 |
---------------+----+-----
Dodging        | 2 |  2.2
Fighting       | |  0.4
Axes           | |  0.8
Stealth        | |  1.9
Spellcasting   | |  2.1
Conjurations   | |  4.5

Action                   || total
-------------------------++-------
Melee: Hand axe          ||    50
       Unarmed           ||     6
       Tailslap          ||     6
       Whip              ||    15
 Cast: Magic Dart        ||    24
  Use: Scroll            ||     5
  Eat: Chunk             ||     1
       Fruit             ||     1
Armor: Skin              ||    47
Dodge: Dodged            ||    95
